 Dungeon Crawl Stone Soup version 0.17.0-28-g6e173f8 (console) character file.

135 Kloppie the Insei (level 5, -1/36 HPs)
             Began as an Octopode Transmuter on Nov 22, 2015.
             Slain by an orc
             ... wielding a +0 flail
              (5 damage)
             ... on level 3 of the Dungeon.
             The game lasted 00:04:13 (2633 turns).

Kloppie the Insei (Octopode Transmuter)             Turns: 2633, Time: 00:04:13

Health: -1/36      AC:  1    Str: 11    XL:     5   Next: 18%
Magic:  7/8        EV: 13    Int: 16    God:
Gold:   123        SH:  0    Dex: 13    Spells: 2 memorised, 4 levels left

rFire  . . .     SeeInvis .       - Unarmed
rCold  . . .     Clarity  .     (no shield)
rNeg   . . .     SustAt   .     (helmet restricted)
rPois  .         Gourm    .     (no amulet)
rElec  .         Spirit   .     i - +2 ring of strength
rCorr  .         Warding  .     (no ring)
rMut   .         Stasis   .     (no ring)
MR     .....                    (no ring)
Stlth  ++........               (no ring)
                                (no ring)
                                (no ring)
                                (no ring)

@: appendage, not resistant to hostile enchantments, unstealthy
A: almost no armour, amphibious, 8 rings, constrict 8, tentacle spike 3,
camouflage 1, gelatinous body 1
a: End Transformation


You were on level 3 of the Dungeon.
You were not hungry.
One of your tentacles had a temporary spike.
You visited 1 branch of the dungeon, and saw 3 of its levels.

You collected 123 gold pieces.

Inventory:

Missiles
 a - 12 arrows
Armour
 k - a +2 shield
Jewellery
 i - a +2 ring of strength (left tentacle)
Scrolls
 d - a scroll of immolation {unknown}
 e - a scroll of amnesia {unknown}
 h - 3 scrolls of identify {unknown}
 j - 2 scrolls of random uselessness {unknown}
Books
 b - a book of Changes

   Spells                             Type                      Level
   a - Beastly Appendage              Transmutation                1
   b - Sticks to Snakes               Transmutation                2
   c - Spider Form                    Transmutation/Poison         3
   d - Ice Form                       Ice/Transmutation            4
   e - Blade Hands                    Transmutation                5
Comestibles
 c - 3 bread rations
 f - a royal jelly
 g - a beef jerky
 l - a meat ration


   Skills:
 + Level 3.0 Fighting
 + Level 3.4 Dodging
 + Level 3.9 Unarmed Combat
 - Level 2.0 Spellcasting
 - Level 2.0 Transmutations


You had 4 spell levels left.
You knew the following spells:

 Your Spells              Type           Power        Failure   Level  Hunger
a - Beastly Appendage     Trmt           #.....       10%         1    #......
b - Spider Form           Trmt/Pois      #.........   38%         3    ###....


Dungeon Overview and Level Annotations

Branches:
Dungeon (3/15)

Altars:


Innate Abilities, Weirdness & Mutations

You cannot wear most types of armour.
You are amphibious.
You can wear up to eight rings at the same time.
You can use your tentacles to constrict eight enemies at once.
Your skin changes colour to match your surroundings (Stealth).
Your rubbery body absorbs attacks (AC +1).
One of your tentacles bears a large vicious spike.


Message History

You constrict the worm, but do no damage.
The orc hits you with a flail!
You barely miss the worm.
The worm is moderately wounded.
You constrict the worm, but do no damage.
The worm bites you!
* * * LOW HITPOINT WARNING * * *
You tentacle-slap the worm.
The worm is heavily wounded.
You constrict the worm. The orc closely misses you.
You tentacle-slap the worm.
You pierce the worm, but do no damage.
The worm is severely wounded.
You constrict the worm. The worm bites you!
* * * LOW HITPOINT WARNING * * *
The orc barely misses you.
You barely miss the worm.
You pierce the worm.
The worm is almost dead.
You constrict the worm. The goblin misses you. The worm barely misses you.
The orc hits you with a flail.
You die...

##.#.....###......#. #.
#.....# #......#. #
#.....# #......#.
#.....###.....(##
#......##...##.รท.
#......##.......#
.#######......##........
.....(................)#
......g@###............#
......ow...........##...
........####.########...
.......?# #.# #...
........# #.# #...
........# ... #...
......... ... #...
######### #... #...


You could see a worm, an orc and a goblin.

Vanquished Creatures
  A centaur zombie (D:3)
  Robin (D:3)
  2 adders
  An ooze (D:2)
  2 worms (D:2)
  2 orcs (D:3)
  3 bats
  3 giant cockroaches
  7 hobgoblins
  3 ball pythons
  5 giant geckos
  5 giant newts
  17 goblins
  2 kobolds (D:1)
  7 rats
61 creatures vanquished.

Notes
Turn   | Place    | Note
--------------------------------------------------------------
     0 | D:1      | Kloppie the Octopode Transmuter began the quest for the Orb.
     0 | D:1      | Reached XP level 1. HP: 13/13 MP: 3/3
   392 | D:1      | Reached XP level 2. HP: 16/18 MP: 5/5
   956 | D:1      | Reached XP level 3. HP: 24/24 MP: 6/6
  1211 | D:2      | HP: 1/24 [poisoned by an adder]
  1536 | D:2      | Found a faded altar to an unknown god.
  1582 | D:2      | Learned a level 3 spell: Spider Form
  1797 | D:3      | Noticed Robin
  1814 | D:3      | Reached XP level 4. HP: 26/30 MP: 5/7
  1842 | D:3      | Killed Robin
  2215 | D:3      | Reached XP level 5. HP: 20/36 MP: 6/8
  2633 | D:3      | Slain by an orc

Action                   |  1- 3 |  4- 6 || total
-------------------------+-------+-------++-------
Melee: Unarmed           |    91 |    65 ||   156
 Cast: Beastly Appendage |     6 |     5 ||    11
  Use: Potion            |     2 |       ||     2
 Stab: Sleeping          |     7 |       ||     7
  Eat: Chunk             |     3 |     3 ||     6
